AoeStats
← 一条固执的鱼

Arena

508821194Analyzed
4v4 RM · 8d ago on Sep 24, 2026· 55m 23s· 8 players
Game mode
Random Map
Map size
Large (8 player)
Population
200
Speed
Normal
Resources
Standard
Victory
Conquest
Starting age
Dark Age
Ending age
Imperial Age
RankedLock teamsTeams togetherTeam positionsShared explorationLock speedFull tech treeHidden civsTurbo modeCheats
Victory
Defeat
🇨🇳 Mongols · China
1362
+15
🇨🇳 Ethiopians · China
1322
+17
🇨🇳 Khmer · China
1296
+18
🇨🇳 Teutons · China
1287
+18
🇹🇷 Khmer · Türkiye
1376
-19
🇺🇸 Saxons · United States
1336
-17
🇹🇷 Turks · Türkiye
1334
-17
🇵🇪 Franks · Peru
1289
-15
all peacocks are the same
9:06 Feudal Age
12:20 Double-Bit Axe
14:56 Castle Age
16:46 Horse Collar
22:04 Wheelbarrow
22:53 Fletching
23:03 Padded Archer Armor
23:11 Loom
24:23 Stone Mining
24:24 Gold Mining
25:56 Bow Saw
26:18 Heavy Plow
27:29 Pikeman
28:09 Squires
28:21 Thumb Ring
31:14 Imperial Age
29:41 Ballistics
29:12 Guard Tower
29:20 Pikeman
30:18 Bodkin Arrow
30:38 Leather Archer Armor
31:16 Scale Mail Armor
31:50 Bloodlines
31:41 Husbandry
32:06 Thumb Ring
32:14 Forging
32:34 Bracer
33:10 Hand Cart
32:40 Town Watch
33:53 Halberdier
34:44 Shield Wall
36:10 Cranequins
37:09 Chain Mail Armor
38:21 Plate Mail Armor
38:20 Heavy Mounted Crossbowman
41:59 Chemistry
41:35 Keep
41:44 Ring Archer Armor
41:48 Conscription
42:17 Arrowslits
49:36 Two-Man Saw
49:38 Coinage
49:39 Masonry
50:35 Capped Ram
M@nquito 2.0
10:51 Feudal Age
15:15 Castle Age
13:09 Double-Bit Axe
21:28 Wheelbarrow
22:29 Bow Saw
24:21 Gold Mining
25:04 Hand Cart
25:12 Hand Cart
27:04 Gold Shaft Mining
26:26 Loom
29:13 Imperial Age
27:25 Treadmill Crane
28:57 Forging
29:08 Husbandry
29:27 Scale Barding Armor
29:57 Stone Mining
30:45 Iron Casting
29:47 Cavalier
31:54 Chain Barding Armor
32:36 Blast Furnace
31:59 Paladin
32:36 Town Watch
34:13 Plate Barding Armor
34:34 Conscription
36:55 Pikeman
37:51 Halberdier
38:19 Arson
38:37 Scale Mail Armor
39:34 Squires
40:07 Chain Mail Armor
41:39 Plate Mail Armor
46:06 Chemistry
47:11 Light Cavalry
49:58 Chivalry
Exellence
13:25 Feudal Age
16:12 Castle Age
14:18 Double-Bit Axe
14:19 Horse Collar
15:20 Forging
15:06 Man-at-Arms
16:18 Long Swordsman
17:04 Scale Mail Armor
16:53 Loom
20:56 Iron Casting
24:45 Wheelbarrow
25:44 Gold Mining
28:13 Gold Shaft Mining
27:51 Bow Saw
27:42 Heavy Plow
32:15 Imperial Age
30:58 Hand Cart
32:11 Pikeman
33:08 Chain Mail Armor
33:29 Crop Rotation
34:12 Blast Furnace
32:39 Capped Ram
35:31 Siege Ram
38:17 Halberdier
39:14 Chain Mail Armor
39:36 Heavy Scorpion
44:13 Chemistry
43:24 Town Watch
48:06 Ballistics
ibrahim_arig
9:48 Feudal Age
13:57 Castle Age
20:51 Imperial Age
18:27 Double-Bit Axe
19:23 Horse Collar
23:45 Wheelbarrow
31:02 Heavy Plow
31:25 Gold Mining
31:34 Stone Mining
32:43 Bow Saw
34:40 Padded Archer Armor
36:12 Scale Barding Armor
36:17 Forging
37:27 Bloodlines
36:38 Heavy Camel Rider
37:53 Chain Barding Armor
41:02 Loom
53:07 Hand Cart
52:38 Town Watch
一条固执的鱼
10:48 Feudal Age
10:52 Loom
14:37 Castle Age
12:51 Double-Bit Axe
12:49 Horse Collar
15:56 Bow Saw
19:16 Heavy Plow
20:17 Wheelbarrow
21:04 Gold Mining
21:04 Stone Mining
23:10 Hand Cart
22:47 Town Watch
29:55 Imperial Age
30:04 Imperial Age
29:42 Fletching
29:52 Padded Archer Armor
30:15 Ballistics
30:36 Gold Shaft Mining
30:36 Stone Shaft Mining
31:52 Chemistry
31:43 Bodkin Arrow
32:10 Leather Archer Armor
31:58 Crossbowman
32:56 Thumb Ring
33:57 Arbalester
35:07 Bracer
37:12 Ring Archer Armor
39:31 Siege Engineers
40:34 Coinage
45:41 Torsion Engines
47:34 Scale Mail Armor
47:44 Forging
47:01 Halberdier
47:41 Squires
47:27 Arson
48:56 Chain Mail Armor
51:03 Plate Mail Armor
51:08 Iron Casting
53:59 Blast Furnace
54:16 Masonry
帝国小牛
10:31 Feudal Age
13:45 Castle Age
11:33 Double-Bit Axe
14:46 Bow Saw
17:41 Horse Collar
20:35 Gold Mining
20:35 Stone Mining
21:35 Wheelbarrow
20:46 Loom
22:59 Gold Shaft Mining
24:03 Stone Shaft Mining
23:56 Bloodlines
23:47 Husbandry
23:54 Scale Barding Armor
24:03 Forging
26:23 Chain Barding Armor
26:38 Iron Casting
33:31 Imperial Age
34:53 Plate Barding Armor
35:18 Blast Furnace
35:08 Light Cavalry
36:13 Tusk Swords
36:27 Elite Battle Elephant
37:33 Hussar
41:32 Hand Cart
蒜香骨
9:05 Feudal Age
13:58 Castle Age
11:50 Double-Bit Axe
13:01 Horse Collar
20:13 Bow Saw
23:13 Wheelbarrow
22:31 Loom
24:49 Hand Cart
25:14 Heavy Plow
25:29 Gold Mining
28:55 Imperial Age
27:13 Gold Shaft Mining
26:29 Stone Mining
26:29 Town Watch
27:56 Scale Barding Armor
28:02 Forging
28:49 Husbandry
29:00 Bloodlines
29:13 Chain Barding Armor
30:05 Iron Casting
29:04 Elite Steppe Lancer
30:57 Town Patrol
31:28 Conscription
32:12 Chemistry
32:59 Blast Furnace
34:15 Scale Mail Armor
34:52 Fortified Wall
36:48 Chain Mail Armor
36:02 Pikeman
36:42 Squires
36:28 Arson
36:27 Elite Mangudai
37:29 Drill
37:18 Heavy Camel Rider
40:35 Light Cavalry
43:18 Padded Archer Armor
43:08 Fletching
44:32 Leather Archer Armor
44:56 Parthian Tactics
44:37 Thumb Ring
45:07 Bodkin Arrow
45:50 Ballistics
46:46 Hussar
809591945
6:59 Loom
10:32 Feudal Age
10:37 Feudal Age
15:54 Castle Age
14:52 Double-Bit Axe
14:48 Horse Collar
16:43 Town Watch
17:54 Bow Saw
22:14 Heavy Plow
24:20 Wheelbarrow
24:29 Gold Mining
25:16 Stone Mining
29:46 Imperial Age
27:56 Scale Barding Armor
28:25 Forging
28:58 Chain Barding Armor
29:36 Bloodlines
30:07 Iron Casting
31:05 Plate Barding Armor
31:06 Conscription
31:02 Cavalier
33:24 Blast Furnace
32:37 Cavalier
33:56 Hand Cart
36:27 Crop Rotation
35:54 Paladin
37:50 Scale Mail Armor
37:35 Elite Teutonic Knight
38:23 Fletching
42:30 Pikeman
52:58 Halberdier
Connection lost

Rejoining the realm…

Still unreachable

The connection could not be restored.

Session expired

The server has moved on; the page needs a fresh start.